Map: Dreamcatcher LE

Players

Jascaw - Winner!

  • Race: Zerg Zerg
  • League: Diamond
  • Spawn Location: 11:00

VOD

Have the link to the VOD?

Description

Time

  • Played on: Feb. 4, 2019, 2:58 p.m.
  • Length: 8:00
Show
View Real Time Build Order
Export as new Build Order

Jascaw Zerg - Winner!

Build Orders: Hatch First 

Get SALT Encoding   

  12  0:03  Drone  
  12  0:13  Overlord  
  12  0:17  Drone  
  12  0:31  Drone x2  
  12  0:41  Drone  
  12  0:59  Drone  
  12  1:00  Drone  
  12  1:04  Hatchery  
  12  1:15  Extractor  
  12  1:16  Spawning Pool  
  12  1:18  Drone  
  12  1:22  Drone  
  12  1:34  Drone  
  12  1:40  Overlord  
  12  1:58  Drone  
  12  2:02  Queen  
  12  2:04  Zergling x2  
  12  2:15  Drone  
  12  2:17  Queen  
  12  2:18  Zergling x2  
  12  2:19  Metabolic Boost  
  12  2:28  Drone x2  
  12  2:46  Drone x2  
  12  2:57  Queen, Overlord  
  12  3:00  Drone  
  12  3:02  Hatchery, Drone  
  12  3:06  Drone  
  12  3:07  Drone  
  12  3:17  Drone x3  
  12  3:19  Overlord  
  12  3:25  Drone x2  
  12  3:31  Overlord  
  12  3:40  Lair  
  12  3:42  Drone x4  
  12  3:54  Drone x3  
  12  4:01  Overlord  
  12  4:02  Drone  
  12  4:03  Drone x2  
  12  4:06  Extractor  
  12  4:07  Extractor  
  12  4:16  Overlord  
  12  4:17  Overlord x2  
  12  4:33  Drone x4  
  12  4:35  Drone  
  12  4:39  Hydralisk Den, Overlord  
  12  4:40  Overlord x3  
  12  4:42  Drone  
  12  5:09  Grooved Spines, Hydralisk x5  
  12  5:12  Queen x2  
  12  5:15  Extractor  
  12  5:16  Queen  
  12  5:17  Hydralisk  
  12  5:21  Hydralisk  
  12  5:28  Hydralisk  
  12  5:39  Overlord  
  12  5:40  Overlord  
  12  5:41  Hydralisk x2  
  12  5:46  Hydralisk  
  12  5:48  Overlord  
  12  5:49  Hydralisk  
  12  5:52  Hydralisk  
  12  5:58  Overlord  
  12  6:00  Queen  
  12  6:03  Hydralisk x2  
  12  6:13  Hydralisk x2  
  12  6:16  Overlord  
  12  6:18  Hydralisk  
  12  6:20  Hydralisk  
  12  6:30  Muscular Augments, Queen x2  
  12  6:36  Hydralisk  
  12  6:39  Hydralisk  
  12  6:41  Queen  
  12  6:49  Hydralisk  
  12  6:50  Hydralisk  
  12  6:52  Overlord  
  12  6:55  Hydralisk  
  12  6:57  Hydralisk  
  12  7:05  Hydralisk  
  12  7:06  Hydralisk  
  12  7:09  Queen  
  12  7:17  Queen  
  12  7:19  Hydralisk x2  
  12  7:22  Overlord  
  12  7:28  Overlord x2  
  12  7:34  Overlord  
  12  7:35  Overlord  
Tags
 
Add a new tag
Caveats
  • Supply blocks, unpowered buildings, or Contaminate may cause inaccurate times.
  • Supply counts are checked every 10 seconds.